 Dungeon Crawl Stone Soup version 0.30-a0-586-g23e55c9e0a (webtiles) character file.

Game seed: 382794071010876867

25 Nedwor the Cutter (level 3, -5/27 HPs)
             Began as a Human Gladiator on Jan 3, 2023.
             Slain by a worm (9 damage)
             ... on level 2 of the Dungeon.
             The game lasted 00:01:00 (739 turns).

Nedwor the Cutter (Human Gladiator)                  Turns: 739, Time: 00:01:01

Health: -5/27      AC:  4    Str: 16    XL:     3   Next: 17%
Magic:  3/3        EV: 12    Int:  8    God:
Gold:   22         SH:  0    Dex: 14    Spells: 2/2 levels left

rFire   . . .      SeeInvis .    a - +0 rapier
rCold   . . .      Faith    .    (no shield)
rNeg    . . .      Spirit   .    b - +0 leather armour
rPois   .          Reflect  .    c - +0 helmet
rElec   .          Harm     .    (no cloak)
rCorr   .          Rampage  .    (no gloves)
Will    .....                    (no boots)
Stlth   +                        (no amulet)
HPRegen 0.24/turn                (no ring)
MPRegen 0.08/turn                (no ring)

@: no status effects
A: no striking features
a: no special abilities


You were on level 2 of the Dungeon.
You visited 1 branch of the dungeon, and saw 2 of its levels.

You collected 22 gold pieces.

Inventory:

Hand Weapons
 a - a +0 rapier (weapon)
Missiles
 d - 3 throwing nets (quivered)
 e - a javelin
Armour
 b - a +0 leather armour (worn)
 c - a +0 helmet (worn)
Scrolls
 g - 2 scrolls of identify {unknown}
 i - 2 scrolls of teleportation {unknown}
 m - 2 scrolls of magic mapping {unknown}
Potions
 f - a potion of heal wounds {unknown}
 h - a potion of curing {unknown}
 j - 2 potions of attraction {unknown}
 k - a potion of ambrosia {unknown}
 l - a potion of flight {unknown}
 n - a potion of degeneration {unknown}


   Skills:
 + Level 2.3 Fighting
 * Level 3.4 Short Blades
 - Level 2.0 Throwing
 + Level 0.9 Armour
 + Level 3.2 Dodging


You had 2 spell levels left.
You didn't know any spells.
Your spell library contained the following spells:

 Spells                   Type           Power      Damage    Failure   Level
 Ozocubu's Armour         Ice            0%         N/A       85%         3
 Ozocubu's Refrigeration  Ice            0%         4d7       100%        7


Dungeon Overview and Level Annotations

Branches:
Dungeon (2/15)

Altars:

Shops:
D:1 :


Message History

You are too injured to fight recklessly!
You are too injured to fight recklessly!
You are too injured to fight recklessly!
You are too injured to fight recklessly!
You are too injured to fight recklessly!
You are too injured to fight recklessly!
You are too injured to fight recklessly!
You are too injured to fight recklessly!
You are too injured to fight recklessly!
You are too injured to fight recklessly!
You are too injured to fight recklessly!
The worm closely misses you.
You barely miss the worm.
The worm is moderately wounded.
You hit the worm.
The worm is heavily wounded.
The worm barely misses you.
You hit the worm.
The worm is heavily wounded.
You hit the worm.
The worm is heavily wounded.
The worm closely misses you.
You hit the worm.
The worm is heavily wounded.
The worm bites you.
You hit the worm.
The worm is severely wounded.
You hit the worm.
The worm is severely wounded.
The worm bites you!
* * * LOW HITPOINT WARNING * * *
You hit the worm.
The worm is severely wounded.
The worm completely misses you.
You hit the worm but do no damage.
The worm is severely wounded.
You barely miss the worm.
The worm is severely wounded.
The worm bites you!
You die...

.#####.#.....####.
.. #.##......... ..
#.##.######## #.
#.##.##...#.. #.#
#.##.##..<..# #.?#
#.##.######## ...
####.##.........
#.##....###########
#w@#....##....#
##.#....##.##+####
#.####..........#
#†# #).........#
#.####..........#
#.#.............#
#...##..........#
##..##..........+
#..............#


You could see a worm.

Vanquished Creatures
  A dart slug (D:1)
  3 ball pythons
  A bat (D:2)
  4 endoplasms (D:1)
  3 goblins
  4 hobgoblins (D:1)
  2 rats (D:1)
18 creatures vanquished.

Notes
Turn   | Place    | Note
-------+----------+-------------------------------------------
     0 | D:1      | Nedwor the Human Gladiator began the quest for the Orb.
     0 | D:1      | Reached XP level 1. HP: 16/16 MP: 1/1
    50 | D:1      | Found Mued's Book Shop.
   151 | D:1      | Reached XP level 2. HP: 19/22 MP: 2/2
   485 | D:1      | Reached XP level 3. HP: 27/27 MP: 3/3
   739 | D:2      | Slain by a worm

Illustrated notes

Levels and vault maps discovered:
D:1:      dpeg_arrival_houses_and_road, layout_loops_cross, serial_shops, shop
D:2:      layout_basic, minmay_misc_feat_tiny

Action                   || total
-------------------------++-------
Melee: Rapier            ||    64
 Stab: Sleeping          ||     1
Armor: Leather armour    ||     8
Dodge: Dodged            ||    25

Table legend: (Time is in decaauts)
 A = Elapsed time spent in this place.
 B = Non-inter-level travel time spent in this place.
 C = Inter-level travel time spent in this place.
 D = Time resting spent in this place.
 E = Time spent auto-exploring this place.
 F = Levels seen in this place.
 G = Mean time per level.
                   A        B        C        D        E       F      G
               +--------+--------+--------+--------+--------+-----+--------+
         Total |    740 |    698 |     42 |      0 |    555 |   2 |  370.0 |
       Dungeon |    740 |    698 |     42 |      0 |    555 |   2 |  370.0 |
               +--------+--------+--------+--------+--------+-----+--------+

Top non-repeatable levels by time:
     D:1: 657 daAuts
     D:2: 83 daAuts
